 Dungeon Crawl Stone Soup version 0.25.1-2-g60ff931df9 (webtiles) character file.

Game seed: 2268852591812063253

28 Josoe the Scratcher (level 2, 0/12 HPs)
             Began as a Felid Transmuter on Aug 21, 2020.
             Slain by a hobgoblin
             ... wielding a +0 club
              (4 damage)
             ... on level 1 of the Dungeon.
             The game lasted 00:07:28 (669 turns).

Josoe the Scratcher (Felid Transmuter)               Turns: 669, Time: 00:07:29

Health: 0/12       AC:  1    Str:  6    XL:     2   Next: 96%
Magic:  5/6        EV: 18    Int: 14    God:
Gold:   19         SH:  0    Dex: 16    Spells: 4/5 levels left
                                        Lives:  0   Deaths: 0

rFire    . . .     SeeInvis +     - Unarmed
rCold    . . .     Gourm    .   (shield unavailable)
rNeg     . . .     Faith    .   (armour unavailable)
rPois    .         Spirit   .   (helmet unavailable)
rElec    .         Reflect  .   (cloak unavailable)
rCorr    .         Harm     .   (gloves unavailable)
MR       .....                  (boots unavailable)
Stlth    ++........             (no amulet)
HPRegen  0.04/turn              (no ring)
MPRegen  0.10/turn              (no ring)

@: appendage, quick
A: very small, no armour, no weapons or thrown items, stealth, claws 1, fangs 3,
horns 2, see invisible, carnivore, speed 1, shaggy fur 1, slow metabolism 1,
sharp paws
a: End Transformation


You were on level 1 of the Dungeon.
You were very full.
You had grown temporary horns.
You visited 1 branch of the dungeon, and saw 1 of its levels.

You collected 19 gold pieces.

Inventory:

Hand Weapons
 f - a +0 short sword
 g - a +0 club
 h - a +0 whip
 k - a +0 dagger
Missiles
 a - 12 arrows
 i - 34 stones
Armour
 b - a +0 robe
Jewellery
 j - an uncursed amulet of guardian spirit {unknown}
Scrolls
 d - a scroll of noise {unknown}
 e - a scroll of fog {unknown}
Comestibles
 c - a ration


   Skills:
 + Level 1.0 Fighting
 + Level 3.1 Dodging
 + Level 0.6 Stealth
 + Level 3.6 Unarmed Combat
 + Level 2.2 Spellcasting
 + Level 2.4 Transmutations


You had 4 spell levels left.
You knew the following spells:

 Your Spells              Type           Power        Failure   Level  Hunger
a - Beastly Appendage     Tmut           #.....       9%          1    #......

Your spell library contained the following spells:

 Spells                   Type           Power        Failure   Level  Hunger
 Sticks to Snakes         Tmut           #.......     13%         2    ###....
 Spider Form              Tmut/Pois      #.........   38%         3    ###....
 Ice Form                 Ice/Tmut       #.......     80%         4    #####..
 Blade Hands              Tmut           #.........   93%         5    ######.


Dungeon Overview and Level Annotations

Branches:
Dungeon (1/15)

Altars:


Innate Abilities, Weirdness & Mutations

You cannot wear armour.
You are incapable of wielding weapons or throwing items.
Your paws allow you to move quietly. (Stealth)
You have sharp claws.
You have razor-sharp teeth.
You have supernaturally acute eyesight. (SInv)
You are carnivorous and can eat meat at any time.
You cover ground quickly.
You are covered in fur. (AC +1)
You have a slow metabolism.
Your sharp claws are effective at attacking unaware monsters.
You have a pair of horns on your head.


Message History

The gnoll completely misses you.
You scratch the gnoll.
You kill the gnoll!
You scratch the leopard gecko.
You kill the leopard gecko!
A hobgoblin comes into view. It is wielding a +0 club.
The hobgoblin shouts!
There is an open door, spattered with blood here.
You see here a leopard gecko corpse.
There are no objects that can be picked up here. a leopard gecko corpse
Casting: Beastly Appendage (safe; 9% risk of failure)
Confirm with . or Enter, or press ? or * to list all spells.
You extend your transformation's duration.
There is an open door, spattered with blood here.
You see here a leopard gecko corpse.
You scratch the hobgoblin.
The hobgoblin is severely wounded.
The hobgoblin hits you with a +0 club.
You die...

...# #.# ...#
##.###### #.#
...## ........#
#.##.....
##.####.###+#
##....... ##.#
#..##.###......###
##.#
##†##...+.........
##.#
##.##...#.........
##.# #.......##g#
##.# #.#..#....@#
##.. ......#.#####
. ###.#.....
#........ ....# ..
###..#.#####....
.... ......#
#.#...#
#.....###...##
#.#.#.. ......#
#.#.####.#.#.# #
......#
.......#.#.###.###


You could see a hobgoblin.

Vanquished Creatures
  A gnoll (D:1)
  A dart slug (D:1)
  A leopard gecko (D:1)
  4 bats (D:1)
  A goblin (D:1)
  2 hobgoblins (D:1)
  2 kobolds (D:1)
  A frilled lizard (D:1)
  A rat (D:1)
14 creatures vanquished.

Notes
Turn   | Place    | Note
-------+----------+-------------------------------------------
     0 | D:1      | Josoe the Felid Transmuter began the quest for the Orb.
     0 | D:1      | Reached XP level 1. HP: 9/9 MP: 4/4
   331 | D:1      | Reached XP level 2. HP: 11/12 MP: 6/6
   669 | D:1      | Slain by a hobgoblin

Illustrated notes

Levels and vault maps discovered:
D:1:      nicolae_arrival_washed_ashore, layout_basic,
          chequers_serial_rivers_room_a

Skill      XL: |  1  2 |
---------------+-------+-----
Dodging        | 3 |  3.1
Fighting       | |  1.0
Stealth        | |  0.6
Unarmed Combat | |  3.6
Spellcasting   | |  2.2
Transmutations | |  2.4

Action                   || total
-------------------------++-------
Melee: Unarmed           ||    28
       Headbutt          ||     3
       Bite              ||     3
 Cast: Beastly Appendage ||    12
 Stab: Sleeping          ||     1
  Eat: Chunk             ||     6
Armor: Skin              ||     2
Dodge: Dodged            ||    22
